 Dungeon Crawl Stone Soup version 0.24.0-123-gd5b16e6ec5 (webtiles) character file.

Game seed: 11594126127622921979, levelgen mode: deterministic

9520 Evilbrain007 the Basher (level 11, -9/99 HPs)
             Began as a Minotaur Berserker on Jan 16, 2020.
             Was a High Priest of Trog.
             Mangled by a four-headed hydra (11 damage)
             ... on level 11 of the Dungeon.
             The game lasted 00:51:19 (10095 turns).

Evilbrain007 the Basher (Minotaur Berserker)       Turns: 10095, Time: 00:51:21

Health: -9/99      AC: 14    Str: 25    XL:     11   Next: 24%
Magic:  10/10      EV:  7    Int:  4    God:    Trog [*****.]
Gold:   639        SH: 14    Dex: 10    Spells: 10/10 levels left

rFire    . . .     SeeInvis .   C - +1 flail (protect)
rCold    . . .     Gourm    .   O - +2 shield
rNeg     + . .     Faith    .   x - +0 plate armour
rPois    .         Spirit   .   (helmet restricted)
rElec    .         Reflect  .   (no cloak)
rCorr    .         Harm     .   (no gloves)
MR       .....                  (no boots)
Stlth    ..........             v - amulet of magic regeneration
HPRegen  0.26/turn              o - ring of positive energy
MPRegen  0.37/turn              (no ring)

@: no status effects
A: retaliatory headbutt, horns 2
a: Berserk, Trog's Hand, Brothers in Arms, Renounce Religion


You were on level 11 of the Dungeon.
You worshipped Trog.
Trog was extremely pleased with you.
You were very hungry.

You visited 1 branch of the dungeon, and saw 12 of its levels.

You collected 639 gold pieces.

Inventory:

Hand Weapons
 a - a +0 hand axe
 s - a +0 halberd of venom
 C - a +1 flail of protection (weapon)
Missiles
 y - 2 boomerangs (quivered)
 I - 12 atropa-tipped darts
 N - 15 poisoned darts
Armour
 x - a +0 plate armour (worn)
 K - the +5 ring mail of Tenacity {*Corrode Dex+8 Slay-6 Stlth+}
   (You found it on level 8 of the Dungeon)

   It affects your dexterity (+8).
   It affects your accuracy and damage with ranged weapons and melee attacks
   (-6).
   It may corrode you when you take damage.
   It makes you more stealthy.
 O - a +2 shield (worn)
Jewellery
 i - an uncursed ring of ice
 o - a ring of positive energy (left hand)
 v - an amulet of magic regeneration (around neck)
 H - an uncursed amulet of faith {unknown}
Wands
 z - a wand of iceblast (13)
 A - a wand of polymorph (10)
 E - a wand of acid (6)
 M - a wand of disintegration (13)
 P - a wand of paralysis (8)
Scrolls
 b - a scroll of enchant weapon {unknown}
 e - 10 scrolls of remove curse
 k - 7 scrolls of identify
 l - a scroll of magic mapping {unknown}
 n - 4 scrolls of enchant armour {unknown}
 q - 2 scrolls of blinking {unknown}
 w - 4 scrolls of teleportation {unknown}
 B - 5 scrolls of immolation {unknown}
 L - a scroll of fog {unknown}
 Q - a scroll of fear {unknown}
Potions
 d - a potion of cancellation {unknown}
 f - 2 potions of haste {unknown}
 g - 4 potions of flight
 h - 6 potions of curing
 j - 2 potions of mutation {unknown}
 m - 2 potions of heal wounds {unknown}
 p - 4 potions of lignification {unknown}
 r - 3 potions of might {unknown}
 t - 3 potions of degeneration {unknown}
 u - a potion of invisibility {unknown}
 D - 2 potions of magic {unknown}
 F - a potion of agility {unknown}
 J - a potion of brilliance {unknown}
Miscellaneous
 G - a phantom mirror
Comestibles
 c - 20 rations


   Skills:
 + Level 9.7 Fighting
 - Level 4.7(9.6) Axes
 + Level 10.9(11.3) Maces & Flails
 - Level 6.9(7.6) Polearms
 + Level 9.8 Armour
 + Level 3.7 Dodging
 + Level 0.3 Stealth
 + Level 9.1 Shields


You had 10 spell levels left.
You didn't know any spells.
Your spell library was empty.

Dungeon Overview and Level Annotations

Branches:
Dungeon (12/15)            Temple (0/1) D:4             Orc (0/2) D:12
   Lair: D:8-11

Altars:
Fedhas
Hepliaklqana
Kikubaaqudgha
Nemelex Xobeh
Trog
Wu Jian
Xom

Shops:
D:9 [

Annotations:
D:10 2 transporters
D:11 Sonja


Innate Abilities, Weirdness & Mutations

You reflexively headbutt those who attack you in melee.
You have a pair of horns on your head.


Message History

Something hits you.
* * * LOW HITPOINT WARNING * * *
Something hits you.
* * * LOW HITPOINT WARNING * * *
There is a stone staircase leading up here.
You can't go down here!
Something hits you but does no damage.
You climb upwards.
Level annotation: Sonja Reactivating autopickup.
You block the centaur zombie's attack.
The six-headed hydra completely misses you.
The six-headed hydra bites you!
* * * LOW HITPOINT WARNING * * *
You block the six-headed hydra's attack. x2
The six-headed hydra bites you but does no damage. x2
The four-headed hydra bites you.
* * * LOW HITPOINT WARNING * * *
The four-headed hydra bites you!
You die...

#+# #.# #####.########
..≈#............#
#.≈#............#
#%≈#............#
#.≈#....).>.....###..
.####.≈#....g..D.Z......
......≈#........@...#
.......'.....T.D....#
.......'....o.......#
......≈###.##########
.####.≈# #.## #.≈# #..#
#.≈####.########
#.≈#...........#
..≈#...........#


You could see a six-headed hydra, a four-headed hydra, a troll, an orc wizard, a
gnoll and a centaur zombie.

Vanquished Creatures
  Fannar (D:10)
  2 tengu warriors
  A gargoyle (D:10)
  A kobold demonologist (D:9)
  A troll (D:10)
  A hippogriff (D:10)
  2 yaks (D:7)
  2 hogs (D:7)
  A human (D:7)
  A hungry ghost (D:8)
  A two-headed ogre zombie (D:12)
  2 water moccasins
  Duvessa (D:4)
  6 ice beasts
  2 phantoms
  2 sky beasts
  3 black bears
  5 ogres
  4 centaurs
  18 big kobolds
  9 bullfrogs
  Blork the orc (D:6)
  Dowan (D:4)
  2 scorpions
  A troll zombie (D:12)
  5 killer bees (D:8)
  A bullfrog zombie (D:7)
  5 crimson imps
  4 jellies
  7 orc priests
  A bullfrog skeleton (D:4)
  3 hounds
  Natasha (thrice) (D:4)
  2 iguanas
  6 orc wizards
  5 worker ants
  A hound zombie (D:6)
  A hound skeleton (D:4)
  A howler monkey zombie (D:9)
  A worker ant zombie (D:10)
  17 adders
  3 shadow imps
  3 oozes
  An adder zombie (D:9)
  An adder skeleton (D:9)
  A worm (D:5)
  A dart slug (D:2)
  8 leopard geckos
  20 orcs
  7 bats
  7 giant cockroaches
  5 goblins (D:1)
  12 hobgoblins
  2 jackals (D:1)
  9 kobolds
  5 quokkas
  3 ball pythons
  4 frilled lizards
  A goblin skeleton (D:12)
  2 hobgoblin zombies (D:12)
  A jackal skeleton (D:8)
  A jackal zombie (D:5)
  A leopard gecko skeleton (D:6)
  3 orc skeletons (D:12)
  2 orc zombies (D:12)
  14 rats
251 creatures vanquished.

Vanquished Creatures (others)
  An adder (D:10)
  5 fungi (D:11)
  6 plants (D:11)
12 creatures vanquished.

Grand Total: 263 creatures vanquished

Notes
Turn   | Place    | Note
-------+----------+-------------------------------------------
     0 | D:1      | Evilbrain007 the Minotaur Berserker began the quest for the
                  | Orb.
     0 | D:1      | Reached XP level 1. HP: 19/19 MP: 0/0
    59 | D:1      | Reached XP level 2. HP: 15/27 MP: 1/1
   375 | D:1      | Reached ** piety under Trog
   553 | D:1      | Reached XP level 3. HP: 33/33 MP: 2/2
   969 | D:2      | Found an ancient bone altar of Kikubaaqudgha.
  1095 | D:2      | Reached skill level 1 in Shields
  1095 | D:2      | Reached XP level 4. HP: 26/41 MP: 3/3
  1419 | D:2      | Found an ornate altar of the Wu Jian Council.
  2194 | D:3      | Reached XP level 5. HP: 44/47 MP: 4/4
  2456 | D:3      | Found a faded altar of an unknown god.
  2686 | D:4      | Noticed Dowan
  2687 | D:4      | Noticed Duvessa
  2748 | D:4      | Reached *** piety under Trog
  2758 | D:4      | Found a staircase to the Ecumenical Temple.
  2762 | D:4      | Reached skill level 1 in Polearms
  2861 | D:4      | Found a blossoming altar of Fedhas.
  2863 | D:4      | Noticed a phantom
  2898 | D:4      | Killed a phantom
  2898 | D:4      | Reached skill level 5 in Fighting
  2898 | D:4      | Reached XP level 6. HP: 55/56 MP: 5/5
  3012 | D:4      | Noticed Natasha
  3024 | D:4      | Killed Natasha
  3073 | D:4      | Killed Duvessa
  3073 | D:4      | Reached skill level 5 in Armour
  3073 | D:4      | Reached XP level 7. HP: 52/61 MP: 6/6
  3087 | D:4      | Killed Dowan
  3283 | D:4      | Reached skill level 5 in Polearms
  3316 | D:4      | Noticed Natasha
  3327 | D:4      | Killed Natasha
  3550 | D:4      | Noticed Natasha
  3554 | D:4      | Killed Natasha
  3643 | D:5      | Entered Level 5 of the Dungeon
  3756 | D:5      | Reached XP level 8. HP: 45/69 MP: 7/7
  3756 | D:5      | Reached **** piety under Trog
  4360 | D:6      | Reached skill level 1 in Maces & Flails
  4442 | D:6      | Reached skill level 2 in Maces & Flails
  4471 | D:6      | Noticed Blork the orc
  4515 | D:6      | Killed Blork the orc
  4684 | D:6      | You fall into a shaft and drop 3 floors!
  4712 | D:9      | Reached skill level 3 in Maces & Flails
  4953 | D:9      | Reached skill level 4 in Maces & Flails
  5046 | D:9      | Found a sparkling altar of Nemelex Xobeh.
  5078 | D:9      | Found Neikk's Armour Boutique.
  5223 | D:9      | Found a shimmering altar of Xom.
  5346 | D:9      | Reached XP level 9. HP: 78/78 MP: 8/8
  5451 | D:10     | Entered Level 10 of the Dungeon
  5471 | D:10     | Reached skill level 5 in Maces & Flails
  5593 | D:9      | Reached skill level 6 in Maces & Flails
  5654 | D:9      | Reached ***** piety under Trog
  5722 | D:9      | Reached skill level 5 in Shields
  5759 | D:10     | Noticed a kobold demonologist
  5778 | D:10     | Noticed a red devil
  5789 | D:9      | Killed a kobold demonologist
  5789 | D:9      | Reached skill level 7 in Maces & Flails
  5868 | D:10     | Noticed a tengu warrior
  5868 | D:10     | Noticed a tengu warrior
  5908 | D:9      | Killed a tengu warrior
  5908 | D:9      | Reached skill level 8 in Maces & Flails
  5908 | D:9      | Reached XP level 10. HP: 43/88 MP: 9/9
  6462 | D:7      | Found a bloodstained altar of Trog.
  6501 | D:7      | Found a hazy altar of Hepliaklqana.
  7234 | D:7      | Reached skill level 9 in Maces & Flails
  7888 | D:8      | Got an encrusted ring mail
  7899 | D:8      | Identified the +5 ring mail of Tenacity {*Corrode Dex+8
                  | Slay-6 Stlth+} (You found it on level 8 of the Dungeon)
  8110 | D:8      | Reached skill level 10 in Maces & Flails
  8304 | D:10     | Noticed a gargoyle
  8317 | D:10     | Killed a gargoyle
  8597 | D:10     | Noticed Fannar
  8903 | D:10     | HP: 3/136 [Fannar/refrigeration (10)]
  8904 | D:10     | Killed Fannar
  8904 | D:10     | Reached XP level 11. HP: 4/97 MP: 10/10
  8991 | D:10     | Received a gift from Trog
  9243 | D:10     | Found a transporter.
  9244 | D:10     | Found a transporter.
  9520 | D:10     | Killed a tengu warrior
  9781 | D:11     | Noticed Sonja
  9961 | D:11     | Noticed a six-headed hydra
  9962 | D:11     | Noticed a four-headed hydra
  9997 | D:12     | Found a staircase to the Orcish Mines.
 10095 | D:11     | HP: 2/99 [four-headed hydra (6)]
 10095 | D:11     | Mangled by a four-headed hydra

Levels and vault maps discovered:
D:1:      dpeg_arrival_pond, layout_rooms, kennysheep_nondescript,
          chequers_mini_garden, minmay_misc_feat_five, glass_columns_c
D:2:      layout_rooms, kiku_gazebo_pond_becter, nicolae_overflow_crystal_walls,
          glass_columns_b
D:3:      layout_basic, first_ration, chequers_ecumenical_altar_lobes
D:4:      cheibrodos_helix_gallery, layout_loops_cross, fedhas_altar_1,
          minmay_temple_entry_arrows, uniq_duvessa, uniq_natasha
D:5:      layout_cave_pools, minmay_small_thing
D:6:      layout_cave_pods, uniq_blork_the_orc
D:7:      layout_loops_ring, overflow_temple_1_default, lemuel_doored_altar,
          grunt_livestock, kennysheep_pointless_box, grunt_ministairs_15
D:8:      layout_rooms
D:9:      layout_loops_ring, lemuel_crystal_altar, serial_shops,
          nicolae_shop_trees, nemelex_xobeh_ov_fountains_minmay
D:10:     gammafunk_jiyva_shrine, layout_cave_pods, special_room
          [special_room_kobold], chequers_serial_rivers_marsh, uniq_fannar
D:11:     layout_roguey, grunt_lair_entry_orc_guard_hut,
          kb_lookout_dungeons_type, kennysheep_dice, uniq_sonja
D:12:     layout_basic, zombieorc2_lemuel, uniq_kirke

Skill      XL: |  1  2  3  4  5  6  7  8  9 10 11 |
---------------+----------------------------------+-----
Fighting       | 4 5 6 7 9 |  9.7
Axes           | 4 |  4.7
Shields        | 1 2 3 6 8 9 |  9.1
Armour         | 3 4 5 6 7 8 9 |  9.8
Polearms       | 2 4 6 |  6.9
Dodging        | 3 |  3.7
Maces & Flails | 4 8 10 | 10.9
Stealth        | |  0.3

Action                   |  1- 3 |  4- 6 |  7- 9 | 10-12 || total
-------------------------+-------+-------+-------+-------++-------
Melee: Hand axe          |    59 |       |       |       ||    59
       Headbutt          |    13 |    14 |    57 |    85 ||   169
       Morningstar       |    21 |    25 |       |       ||    46
       Halberd           |       |    83 |   108 |       ||   191
       Flail             |       |       |   243 |   391 ||   634
Throw: Boomerang         |       |       |       |     3 ||     3
Invok: Trog's Hand       |       |       |     1 |     1 ||     2
       Brothers in Arms  |       |       |     1 |     1 ||     2
       Berserk           |       |       |       |     1 ||     1
  Use: Scroll            |       |     2 |       |       ||     2
       Potion            |       |       |     2 |     1 ||     3
  Eat: Chunk             |     1 |     6 |    10 |    13 ||    30
       Ration            |       |       |       |     1 ||     1
Armor: Animal skin       |     7 |       |       |       ||     7
       Scale mail        |    25 |    30 |       |       ||    55
       Plate armour      |       |    23 |   265 |   280 ||   568
Dodge: Dodged            |    40 |    33 |   114 |   112 ||   299
Block: Shield            |    14 |    13 |   149 |   287 ||   463
